 Dungeon Crawl Stone Soup version 0.29.1-1-gd02db6906a (webtiles) character file.

Game seed: 12899328601514034368

1040 MisterFreud the Twirler (level 8, 0/62 HPs)
             Began as a Formicid Gladiator on Oct 12, 2022.
             Slain by Menkaure (12 damage)
             ... on level 6 of the Dungeon.
             The game lasted 00:06:56 (4689 turns).

MisterFreud the Twirler (Formicid Gladiator)        Turns: 4689, Time: 00:06:56

Health: 0/62       AC:  4    Str: 22    XL:     8   Next: 49%
Magic:  8/8        EV: 13    Int:  7    God:
Gold:   161        SH:  0    Dex: 15    Spells: 7/7 levels left

rFire   + . .      SeeInvis +   a - +2 quarterstaff
rCold   + . .      Faith    .   (no shield)
rNeg    . . .      Spirit   .   b - +1 leather armour
rPois   .          Reflect  .   (helmet unavailable)
rElec   .          Harm     .   f - scarf {rC+ rF+}
rCorr   .          Rampage  .   (no gloves)
Will    .....                   (no boots)
Stlth   +.........              (no amulet)
HPRegen 0.20/turn               (no ring)
MPRegen 0.11/turn               (no ring)

@: no status effects
A: permanent stasis, dig shafts and tunnels, antennae 3, four strong arms
a: Dig, Shaft Self


You were on level 6 of the Dungeon.
You visited 1 branch of the dungeon, and saw 6 of its levels.

You collected 191 gold pieces.
You spent 30 gold pieces at shops.

Inventory:

Hand Weapons
 a - a +2 quarterstaff (weapon)
 h - a +1 vorpal sling
Missiles
 c - 4 throwing nets (quivered)
 d - a javelin
 e - 14 poisoned darts
 l - 6 boomerangs
 t - 6 datura-tipped darts
Armour
 b - a +1 leather armour (worn)
 f - a scarf of resistance (worn)
 s - a +0 chain mail
 x - a scarf of repulsion
Jewellery
 u - a ring of ice
 z - a ring of protection from cold
Wands
 m - a wand of flame (10)
 y - a wand of roots (2)
Scrolls
 v - a scroll of butterflies
Potions
 g - a potion of cancellation
 i - 2 potions of flight {unknown}
 j - 2 potions of lignification {unknown}
 k - a potion of ambrosia {unknown}
 n - 4 potions of heal wounds
 o - a potion of mutation {unknown}
 p - 2 potions of invisibility
 q - a potion of haste {unknown}
 r - 2 potions of brilliance {unknown}
 w - 2 potions of curing
 A - a potion of magic {unknown}
 B - a potion of berserk rage {unknown}


   Skills:
 - Level 5.0 Fighting
 - Level 6.0 Staves
 - Level 4.0 Throwing
 + Level 4.8 Armour
 - Level 3.8 Dodging


You had 7 spell levels left.
You didn't know any spells.
Your spell library contained the following spells:

 Spells                   Type           Power      Damage    Failure   Level
 Poisonous Vapours        Pois/Air       0%         N/A       63%         2
 Corpse Rot               Necr/Pois/Air  0%         N/A       99%         4


Dungeon Overview and Level Annotations

Branches:
Dungeon (6/15)
 Temple: D:4-7

Altars:

Shops:
D:1 (   D:2 !

Annotations:
D:6 Menkaure


Innate Abilities, Weirdness & Mutations

You cannot be hasted, slowed, berserked, paralysed or teleported.
You can dig through walls and to a lower floor.
You have a pair of large antennae on your head. (SInv)
Your four strong arms can wield two-handed weapons with a shield.


Message History

Menkaure calls on the powers of darkness!
Your body is wracked with pain!
* * * LOW HITPOINT WARNING * * *
The gnoll convulses!
You hit the gnoll.
The gnoll is severely wounded.
The gnoll hits you with a +0 flail of protection!
* * * LOW HITPOINT WARNING * * *
You barely miss the gnoll.
The gnoll is severely wounded.
The gnoll misses you.
You feel much better.
The gnoll hits you with a +0 flail of protection.
* * * LOW HITPOINT WARNING * * *
Menkaure barely misses you.
You completely miss Menkaure. Menkaure barely misses you.
The gnoll hits you with a +0 flail of protection!
* * * LOW HITPOINT WARNING * * *
You hit Menkaure.
Menkaure is moderately damaged.
Menkaure misses you. The gnoll barely misses you.
Menkaure calls on the powers of darkness!
Your body is wracked with pain!
* * * LOW HITPOINT WARNING * * *
The gnoll convulses!
You feel much better. The gnoll barely misses you. Menkaure misses you.
You barely miss Menkaure.
Menkaure is moderately damaged.
The gnoll hits you with a +0 flail of protection.
Menkaure barely misses you.
You barely miss Menkaure.
Menkaure is moderately damaged.
The gnoll closely misses you.
Menkaure calls on the powers of darkness!
Your body is wracked with pain!
* * * LOW HITPOINT WARNING * * *
The gnoll convulses!
Are you sure you want to shaft yourself?
Menkaure hits you!
You die...

#.# #.# #.#
{ #.# #.#
#)# { #.#
#.###.##.
#@M......
#.g.....###
#######.#
.# .. #


You could see Menkaure (fast) and a gnoll.

Vanquished Creatures
  Sigmund (D:3)
  A black bear (D:5)
  A centaur (D:6)
  2 scorpions
  2 necrophages
  A howler monkey (D:6)
  A hound (D:5)
  2 jellies
  2 orc priests
  Ijyb (D:5)
  An iguana (D:5)
  3 orc wizards
  3 gnolls (D:4)
  2 adders (D:5)
  5 dart slugs
  13 orcs
  8 bats
  3 endoplasms
  4 giant cockroaches
  7 goblins
  7 hobgoblins
  3 jackals (D:2)
  8 kobolds
  6 quokkas
  7 ball pythons
  3 frilled lizards
  8 rats
105 creatures vanquished.

Vanquished Creatures (others)
  An orc wizard (D:3)
  3 plants (D:5)
4 creatures vanquished.

Grand Total: 109 creatures vanquished

Notes
Turn   | Place    | Note
-------+----------+-------------------------------------------
     0 | D:1      | MisterFreud the Formicid Gladiator began the quest for the
                  | Orb.
     0 | D:1      | Reached XP level 1. HP: 16/16 MP: 1/1
   234 | D:1      | Reached XP level 2. HP: 23/23 MP: 2/2
   480 | D:1      | Found Cipn's Weapon Boutique.
   489 | D:1      | Reached XP level 3. HP: 28/28 MP: 3/3
  1094 | D:2      | Found a faded altar of an unknown god.
  1129 | D:2      | Reached XP level 4. HP: 32/34 MP: 4/4
  1152 | D:2      | You fall into a shaft and drop 1 floor!
  1456 | D:2      | Found Quho's Distillery.
  1462 | D:2      | Bought a potion of curing for 30 gold pieces
  2061 | D:3      | Reached XP level 5. HP: 22/41 MP: 5/5
  2368 | D:3      | Noticed Sigmund
  2380 | D:3      | Killed Sigmund
  2381 | D:3      | Reached skill level 4 in Staves
  2381 | D:3      | Reached XP level 6. HP: 45/48 MP: 6/6
  2826 | D:4      | Reached skill level 5 in Staves
  2826 | D:4      | Reached XP level 7. HP: 49/53 MP: 7/7
  3511 | D:5      | Entered Level 5 of the Dungeon
  3519 | D:5      | Reached skill level 6 in Staves
  3789 | D:5      | Noticed Ijyb
  3801 | D:5      | Killed Ijyb
  3821 | D:5      | Reached skill level 5 in Fighting
  3830 | D:5      | Reached skill level 1 in Armour
  3830 | D:5      | Reached XP level 8. HP: 49/62 MP: 8/8
  4677 | D:6      | Noticed Menkaure
  4689 | D:6      | Slain by Menkaure

Illustrated notes

Levels and vault maps discovered:
D:1:      eino_arrival_tree_alley, layout_loops_cross, serial_shops, shop
D:2:      layout_basic, serial_shops,
          nicolae_shop_temple_entry_statues_fountains,
          hellmonk_ecumenical_altar_lost_god
D:3:      layout_basic, nicolae_overflow_hidden_temple, uniq_sigmund
D:4:      layout_basic
D:5:      corexii_shack_village, layout_basic, gup_sewer_entry_bowl, uniq_ijyb
D:6:      layout_basic, kennysheep_vampire_church, nicolae_lava_and_water,
          fountainhead, uniq_menkaure

Skill      XL: |  1  2  3  4  5  6  7  8 |
---------------+-------------------------+-----
Dodging        | 3 |  3.8
Fighting       | 3 5 |  5.0
Staves         | 4 5 6 |  6.0
Throwing       | 3 4 |  4.0
Armour         | 1 4 |  4.8

Action                   |  1- 3 |  4- 6 |  7- 9 || total
-------------------------+-------+-------+-------++-------
Melee: Quarterstaff      |    73 |   118 |   115 ||   306
       Punch             |       |     1 |       ||     1
 Abil: Shaft Self        |       |       |     1 ||     1
  Use: Scroll            |     4 |     6 |     2 ||    12
       Potion            |       |       |     2 ||     2
 Stab: Sleeping          |     1 |     2 |       ||     3
Armor: Leather armour    |    23 |    27 |    19 ||    69
Dodge: Dodged            |    51 |    87 |    73 ||   211
